 Dungeon Crawl Stone Soup version 0.28.0-53-g5a82cb258f (webtiles) character file.

Game seed: 10715366333356108982

182 sakkuzi the Ruffian (level 5, -3/53 HPs)
             Began as a Troll Monk on July 17, 2022.
             Was an Initiate of Nemelex Xobeh.
             Slain by an unseen horror (5 damage)
             ... on level 5 of the Dungeon on July 19, 2022.
             The game lasted 00:09:05 (2385 turns).

sakkuzi the Ruffian (Troll Monk)                    Turns: 2385, Time: 00:09:06

Health: -3/53      AC:  4    Str: 21    XL:     5   Next: 34%
Magic:  4/4        EV: 10    Int:  6    God:    Nemelex Xobeh [......]
Gold:   149        SH:  0    Dex: 12    Spells: 4/4 levels left

rFire   . . .      SeeInvis .     - Unarmed
rCold   . . .      Faith    .   (no shield)
rNeg    . . .      Spirit   .   a - +0 robe
rPois   .          Reflect  .   (helmet restricted)
rElec   .          Harm     .   (no cloak)
rCorr   .          Rampage  .   (gloves unavailable)
Will    .....                   (boots unavailable)
Stlth   ++........              (no amulet)
HPRegen 0.97/turn               (no ring)
MPRegen 0.09/turn               (no ring)

@: no status effects
A: large, unfitting armour, claws 3, regeneration 1, shaggy fur 1, tough skin 1
a: Renounce Religion, Draw Escape, Draw Destruction, Draw Summoning


You were on level 5 of the Dungeon.
You worshipped Nemelex Xobeh.
Nemelex Xobeh was noncommittal.
You visited 1 branch of the dungeon, and saw 5 of its levels.

You collected 149 gold pieces.

Inventory:

Armour
 a - a +0 robe (worn)
Jewellery
 c - a ring of ice
Wands
 b - a wand of iceblast (11)
Scrolls
 e - a scroll of fear {unknown}
Potions
 d - 3 potions of curing
 f - 2 potions of lignification {unknown}
 g - 2 potions of might {unknown}
 h - 2 potions of mutation {unknown}
 i - a potion of brilliance {unknown}
 j - a potion of attraction {unknown}
 k - a potion of flight {unknown}
 l - 2 potions of heal wounds {unknown}


   Skills:
 + Level 3.0 Fighting
 + Level 3.0 Dodging
 - Level 1.1 Stealth
 * Level 5.1 Unarmed Combat


You had 4 spell levels left.
You didn't know any spells.
Your spell library contained the following spells:

 Spells                   Type           Power      Damage    Failure   Level
 Animate Skeleton         Necr           0%         N/A       45%         1
 Pain                     Necr           0%         1d4       45%         1
 Sting                    Tmut/Pois      0%         1d3       45%         1
 Poisonous Vapours        Pois/Air       0%         N/A       58%         2
 Static Discharge         Conj/Air       0%         N/A       58%         2
 Vampiric Draining        Necr           0%         2d6       83%         3
 Dispel Undead            Necr           0%         3d6       99%         4
 Olgreb's Toxic Radiance  Pois           0%         N/A       99%         4
 Sticky Flame             Conj/Fire      0%         2d3       99%         4


Dungeon Overview and Level Annotations

Branches:
Dungeon (5/15)
 Temple: D:4-7

Altars:
Nemelex Xobeh
Uskayaw

Shops:
D:2 *

Annotations:
D:4 Dowan


Innate Abilities, Weirdness & Mutations

You are too large for most types of armour.
You have claws for hands.
Your natural rate of healing is unusually fast.
You are covered in fur. (AC +1)
You have tough skin. (AC +1)


Message History

You claw the shadow imp!
The shadow imp is severely wounded.
The sky beast flickers out of sight!
Deactivating autopickup; reactivate with Ctrl-A.
You closely miss the shadow imp.
The shadow imp is severely wounded.
The shadow imp hits you.
You scratch the shadow imp but do no damage.
The shadow imp is severely wounded.
The shadow imp shouts, "Take thy face hence, thou artless rude-growing snake-molt!"
The shadow imp closely misses you.
You claw the shadow imp!
You kill the shadow imp!
The ogre closely misses you. The ogre hits you with a +0 giant club!
A sky beast appears from thin air!
Reactivating autopickup.
Something hits you.
Deactivating autopickup; reactivate with Ctrl-A.
Something hits you but does no damage. Something hits you!
You see here 12 bolts.
Something hits you. Something hits you! Something hits you. x2
* * * LOW HITPOINT WARNING * * *
Okay, then.
You feel better. Something hits you! Something hits you. Something hits you!
* * * LOW HITPOINT WARNING * * *
Something hits you.
* * * LOW HITPOINT WARNING * * *
Something hits you!
* * * LOW HITPOINT WARNING * * *
Something hits you.
* * * LOW HITPOINT WARNING * * *
There is a stone staircase leading down here.
Something hits you.
You die...
Your body disappears without a glow.

###†#### #.##.# #......#
#.##.# #......# #.##.#
#......# #.##.# #......#
#.##.# #......#
#####.##.########......#
#...#.##........#......#
.....Z...O.Y..sO@......#
....#.##...............#
......##.............[.#
.#######.........##.####
.# #.#######.##.# ..
...# #.##.# .# #####
#.##.# .# #.##.# #.##.#


You could see a sky beast, 2 ogres and a scorpion.

Vanquished Creatures
  2 hounds (D:5)
  A hound skeleton (D:4)
  2 adders (D:2)
  A shadow imp (D:5)
  A white imp (D:5)
  2 adder skeletons (D:4)
  3 worms
  2 dart slugs
  2 orcs
  5 ball pythons
  4 endoplasms
  A giant cockroach (D:2)
  6 hobgoblins
  2 jackals (D:1)
  4 kobolds
  2 quokkas
  A bat (D:1)
  3 frilled lizards
  10 goblins
  5 rats
59 creatures vanquished.

Vanquished Creatures (others)
  2 fungi (D:1)
2 creatures vanquished.

Grand Total: 61 creatures vanquished

Notes
Turn   | Place    | Note
-------+----------+-------------------------------------------
     0 | D:1      | sakkuzi the Troll Monk began the quest for the Orb.
     0 | D:1      | Reached XP level 1. HP: 22/22 MP: 0/0
   172 | D:1      | Reached XP level 2. HP: 29/29 MP: 1/1
   631 | D:1      | Found a faded altar of an unknown god.
   706 | D:2      | Found Tahit's General Store.
   717 | D:2      | Reached XP level 3. HP: 36/36 MP: 2/2
  1422 | D:3      | Found a hide-covered altar of Uskayaw.
  1432 | D:3      | Became a worshipper of Uskayaw the Reveller
  1432 | D:3      | Reached * piety under Uskayaw
  1493 | D:3      | Reached XP level 4. HP: 45/45 MP: 3/3
  1588 | D:3      | Reached ** piety under Uskayaw
  1975 | D:4      | Reached skill level 4 in Unarmed Combat
  2050 | D:4      | Found a sparkling altar of Nemelex Xobeh.
  2066 | D:4      | Fell from the grace of Uskayaw
  2066 | D:4      | Became a worshipper of Nemelex Xobeh the Trickster
  2210 | D:4      | Noticed a black bear
  2214 | D:4      | Noticed Dowan
  2302 | D:5      | Entered Level 5 of the Dungeon
  2319 | D:5      | Reached XP level 5. HP: 48/53 MP: 4/4
  2322 | D:5      | Reached skill level 5 in Unarmed Combat
  2354 | D:5      | Noticed an ogre
  2357 | D:5      | Noticed an ogre
  2362 | D:5      | Noticed a sky beast
  2383 | D:5      | HP: 2/53 [something (7)]
  2385 | D:5      | Slain by an unseen horror

Illustrated notes

Levels and vault maps discovered:
D:1:      shiori_arrival_oz, layout_basic, shapermc_ecumenical_altar_acropolis,
          supply_closet_lemuel
D:2:      layout_basic, serial_shops, nicolae_shop_crystal,
          hangedman_decor_slide_cut, hangedman_feature_mirror
D:3:      layout_rooms, lemuel_round_altar, minmay_misc_feat_diagonals
D:4:      layout_layer_cave, nemelex_dance_club_becter, uniq_duvessa
D:5:      layout_basic, temple_statues

Skill      XL: |  1  2  3  4  5 |
---------------+----------------+-----
Fighting       | 3 |  3.0
Unarmed Combat | 4 5 |  5.1
Dodging        | 3 |  3.0
Stealth        | |  1.1

Action                   |  1- 3 |  4- 6 || total
-------------------------+-------+-------++-------
Melee: Unarmed           |   110 |    64 ||   174
       Punch             |     1 |     1 ||     2
  Use: Scroll            |     2 |     3 ||     5
       Potion            |       |     1 ||     1
 Stab: Sleeping          |       |     1 ||     1
Armor: Robe              |    28 |    20 ||    48
Dodge: Dodged            |    48 |    17 ||    65
